 Dungeon Crawl Stone Soup version 0.27.1-3-gb3d3a73c9e (webtiles) character file.

Game seed: 18157122747297156328

1009 ABBCCCDDDD the Sneak (level 8, -6/52 HPs)
             Began as an Octopode Hedge Wizard on Oct 19, 2021.
             Killed from afar by a steam dragon (17 damage)
             ... with a ball of steam
             ... on level 6 of the Dungeon.
             The game lasted 00:15:05 (6815 turns).

ABBCCCDDDD the Sneak (Octopode Hedge Wizard)        Turns: 6815, Time: 00:15:06

Health: -6/52      AC:  1    Str:  9    XL:     8   Next: 21%
Magic:  10/14      EV: 13    Int: 18    God:
Gold:   147        SH:  0    Dex: 12    Spells: 7/15 levels left

rFire    . . .     SeeInvis .   m - +3 dagger
rCold    . . .     Faith    .   (no shield)
rNeg     . . .     Spirit   .   b - +0 hat
rPois    .         Reflect  .   (no amulet)
rElec    .         Harm     .   l - +4 ring of slaying
rCorr    .         Rampage  .   (no ring)
Will     .....                  (no ring)
Stlth    ++++......             (no ring)
HPRegen  0.17/turn              (no ring)
MPRegen  0.14/turn              (no ring)
                                (no ring)
                                (no ring)

@: no status effects
A: almost no armour, amphibious, 8 rings, camouflage 1, gelatinous body 1,
(nimble swimmer 1), tentacles
a: no special abilities


You were on level 6 of the Dungeon.
You visited 1 branch of the dungeon, and saw 6 of its levels.

You collected 212 gold pieces.
You spent 65 gold pieces at shops.

Inventory:

Hand Weapons
 a - a +0 dagger
 m - a +3 dagger (weapon)
 o - a +0 vampiric demon trident
Missiles
 c - 8 atropa-tipped darts
 w - 4 poisoned darts
Armour
 b - a +0 hat (worn)
Jewellery
 l - a +4 ring of slaying (left tentacle)
Wands
 n - a wand of acid (9)
 u - a wand of mindburst (7)
Scrolls
 e - a scroll of noise
 f - 3 scrolls of amnesia
 g - a scroll of enchant weapon
 h - a scroll of immolation
 i - 2 scrolls of brand weapon {unknown}
 k - 3 scrolls of teleportation
 p - a scroll of fear {unknown}
 q - a scroll of magic mapping {unknown}
 r - a scroll of enchant armour {unknown}
 v - a scroll of blinking {unknown}
Potions
 d - a potion of curing
 j - a potion of magic
 s - a potion of lignification {unknown}
 t - a potion of ambrosia {unknown}


   Skills:
 + Level 3.4 Fighting
 - Level 0.6 Short Blades
 - Level 2.0 Dodging
 + Level 6.0 Stealth
 - Level 4.0 Spellcasting
 * Level 5.5 Conjurations
 - Level 2.0 Hexes
 - Level 1.0 Summonings
 - Level 2.0 Translocations
 + Level 1.5 Air Magic
 + Level 1.9 Poison Magic


You had 7 spell levels left.
You knew the following spells:

 Your Spells              Type           Power      Damage    Failure   Level
a - Magic Dart            Conj           92%        1d7       1%          1
b - Blink                 Tloc           N/A        N/A       10%         2
c - Slow                  Hex            10%        N/A       10%         2
d - Mephitic Cloud        Conj/Pois/Air  14%        N/A       13%         3

Your spell library contained the following spells:

 Spells                   Type           Power      Damage    Failure   Level
 Call Imp                 Summ           7%         N/A       14%         2
 Conjure Flame            Conj/Fire      13%        6-21      14%         3
 Confusing Touch          Hex            10%        N/A       19%         3
 Summon Guardian Golem    Hex/Summ       9%         N/A       24%         3
 Vampiric Draining        Necr           1%         2d6       41%         3
 Yara's Violent Unravell  Hex/Tmut       3%         3d4       95%         5
 Orb of Destruction       Conj           11%        9d5       100%        7
 Spellforged Servitor     Conj/Summ      7%         N/A       100%        7


Dungeon Overview and Level Annotations

Branches:
Dungeon (6/15)
 Temple: D:4-7

Altars:
Kikubaaqudgha
Makhleb
Wu Jian
Yredelemnul
The Shining One

Shops:
D:1 ?   D:4 [

Annotations:
D:2 1 runed translucent door, Crazy Yiuf
D:4 exclusions: adder and wyvern
D:5 2 transporters, exclusion: downstairs


Innate Abilities, Weirdness & Mutations

You cannot wear most types of armour.
You are amphibious.
You can wear up to eight rings at the same time.
Your skin changes colour to match your surroundings (Stealth+).
Your rubbery body absorbs attacks. (AC +1, EV +1)
((You are camouflaged near water. (Stealth+)))
You have tentacles for arms and can constrict up to eight enemies at once.


Message History

The steam dragon bites you. The steam dragon claws you.
Casting: Blink (safe; 10% risk of failure)
Confirm with . or Enter, or press ? or * to list all spells.
Aiming: Magic Dart (safe; 1% risk of failure)
Press: ? - help, Shift-Dir - straight line, f - steam dragon
Aim: a steam dragon (almost dead, 100% to hit)
The magic dart hits the steam dragon but does no damage.
The steam dragon is almost dead.
The steam dragon bites you. The steam dragon barely misses you.
Casting: Magic Dart (safe; 1% risk of failure)
Confirm with . or Enter, or press ? or * to list all spells.
Aiming: Magic Dart (safe; 1% risk of failure)
Press: ? - help, Shift-Dir - straight line, f/p - steam dragon
Aim: a steam dragon (almost dead, 100% to hit)
The magic dart hits the steam dragon but does no damage.
The steam dragon is almost dead.
The steam dragon bites you. The steam dragon closely misses you.
You barely miss the steam dragon.
The steam dragon is almost dead.
The steam dragon bites you. The steam dragon claws you.
Casting: Magic Dart (safe; 1% risk of failure)
Confirm with . or Enter, or press ? or * to list all spells.
Aiming: Magic Dart (safe; 1% risk of failure)
Press: ? - help, Shift-Dir - straight line, f/p - steam dragon
Aim: a steam dragon (almost dead, 100% to hit)
The magic dart hits the steam dragon but does no damage.
The steam dragon is almost dead.
The steam dragon bites you! The steam dragon claws you.
* * * LOW HITPOINT WARNING * * *
Okay, then.
Casting: Magic Dart (safe; 1% risk of failure)
Confirm with . or Enter, or press ? or * to list all spells.
Aiming: Magic Dart (safe; 1% risk of failure)
Press: ? - help, Shift-Dir - straight line, f/p - steam dragon
Aim: a steam dragon (almost dead, 100% to hit)
The magic dart hits the steam dragon but does no damage.
The steam dragon is almost dead.
The steam dragon breathes steam at you. The ball of steam hits you!
You die...

#.#.#.##<#.......
#.###.##.##[....#
#.# ..##.###...##
#.#.####.##......
#.... ..##.#.###
###.# ####.#.###
#.# ####.#.#..
#####.####........#
#.@D.!.....##.....#
#.###.###..##....##
#.###.###..##.#.###
#..........##......
###################


You could see a steam dragon (catching breath).

Levels and vault maps discovered:
D:1:      mushboom_english_gardens, layout_basic, serial_shops,
          nicolae_shop_behind_doors
D:2:      layout_rooms, shapermc_ecumenical_altar_totnotflames,
          uniq_crazy_yiuf_cottage, uniq_natasha
D:3:      layout_basic, mainiacjoe_overflow_catwalk,
          mainiacjoe_overflow_chevrons, uniq_jessica
D:4:      layout_basic, serial_shops, nicolae_stop_n_shop_2, serial_bayou,
          serial_bayou_shore_b, serial_bayou_lagoon_a, serial_bayou_lagoon_b,
          serial_bayou_shore_b, serial_bayou_pond_c
D:5:      layout_basic, gammafunk_temple_overflow_arena,
          nicolae_wu_jian_wuxing_cycle, kennysheep_mini,
          hangedman_abyss_or_decor_lesser_grid, uniq_menkaure
D:6:      minmay_skewed_foursquare, layout_loops_corners,
          nicolae_uskayaw_suspiria, led_sif_book, uniq_grinder

Notes
Turn   | Place    | Note
-------+----------+-------------------------------------------
     0 | D:1      | ABBCCCDDDD the Octopode Hedge Wizard began the quest for
                  | the Orb.
     0 | D:1      | Reached XP level 1. HP: 11/11 MP: 4/4
   272 | D:1      | Reached skill level 3 in Stealth
   272 | D:1      | Reached XP level 2. HP: 18/18 MP: 1/6
   952 | D:1      | Learned a level 2 spell: Blink
   955 | D:1      | Learned a level 2 spell: Slow
   995 | D:1      | Reached skill level 1 in Fighting
  1041 | D:1      | Reached XP level 3. HP: 23/23 MP: 2/7
  1188 | D:1      | Found Anloph's Magic Scroll Emporium.
  1925 | D:2      | Reached XP level 4. HP: 28/28 MP: 1/8
  2674 | D:2      | Found a faded altar of an unknown god.
  2675 | D:2      | Noticed Natasha
  2904 | D:2      | Killed Natasha
  2905 | D:2      | Reached skill level 4 in Stealth
  3054 | D:2      | Found a runed translucent door.
  3055 | D:2      | Noticed Crazy Yiuf
  3175 | D:3      | Reached XP level 5. HP: 34/34 MP: 7/9
  3236 | D:3      | Found an ancient bone altar of Kikubaaqudgha.
  3269 | D:3      | Found a glowing golden altar of the Shining One.
  3736 | D:3      | Noticed Jessica
  3768 | D:3      | Killed Jessica
  3769 | D:3      | Reached skill level 1 in Hexes
  4181 | D:1      | Bought a scroll of identify for 26 gold pieces
  4181 | D:1      | Bought a scroll of teleportation for 39 gold pieces
  4233 | D:4      | Noticed a wyvern
  4343 | D:5      | Entered Level 5 of the Dungeon
  4352 | D:5      | Reached XP level 6. HP: 39/39 MP: 1/11
  4562 | D:5      | Noticed a yak
  4562 | D:5      | Noticed an orc warrior
  4563 | D:5      | Found a transporter.
  4563 | D:5      | Found a transporter.
  4577 | D:5      | Found a burning altar of Makhleb.
  5363 | D:4      | Found Zagianub's Antique Armour Shop.
  5502 | D:4      | Reached skill level 5 in Stealth
  5907 | D:5      | Reached XP level 7. HP: 45/45 MP: 12/12
  5920 | D:5      | Learned a level 3 spell: Mephitic Cloud
  5952 | D:5      | Found a basalt altar of Yredelemnul.
  6018 | D:5      | Noticed Menkaure
  6020 | D:5      | Killed Menkaure
  6259 | D:5      | Reached skill level 1 in Poison Magic
  6274 | D:5      | Reached skill level 5 in Conjurations
  6288 | D:5      | Reached skill level 1 in Air Magic
  6322 | D:5      | Found an ornate altar of the Wu Jian Council.
  6430 | D:6      | Reached XP level 8. HP: 52/52 MP: 14/14
  6557 | D:6      | Reached skill level 6 in Stealth
  6815 | D:6      | Killed from afar by a steam dragon

Table legend: (Time is in decaauts)
 A = Elapsed time spent in this place.
 B = Non-inter-level travel time spent in this place.
 C = Inter-level travel time spent in this place.
 D = Time resting spent in this place.
 E = Time spent auto-exploring this place.
 F = Levels seen in this place.
 G = Mean time per level.
                   A        B        C        D        E       F      G
               +--------+--------+--------+--------+--------+-----+--------+
         Total |   6825 |   6462 |    363 |   2950 |   2220 |   6 | 1137.5 |
       Dungeon |   6825 |   6462 |    363 |   2950 |   2220 |   6 | 1137.5 |
               +--------+--------+--------+--------+--------+-----+--------+

Top non-repeatable levels by time:
     D:1: 1667 daAuts
     D:4: 1583 daAuts
     D:2: 1472 daAuts
     D:3: 1096 daAuts
     D:5: 791 daAuts
     D:6: 213 daAuts

Table legend:
 A = Kills in this place as a percentage of kills in entire the game.
 B = Kills by you in this place as a percentage of kills by you in the entire game.
 C = Kills by friends in this place as a percentage of kills by friends in the entire game.
 D = Other kills in this place as a percentage of other kills in the entire game.
 E = Experience gained in this place as a percentage of experience gained in the entire game.
 F = Experience gained in this place divided by the number of levels of this place that you have seen.
                   A       B       C       D       E      F
               +-------+-------+-------+-------+-------+----------------------
         Total | 100.0 | 100.0 |   N/A |   N/A | 100.0 | 240.3
       Dungeon | 100.0 | 100.0 |   N/A |   N/A | 100.0 | 240.3
               +-------+-------+-------+-------+-------+----------------------

Action                   |  1- 3 |  4- 6 |  7- 9 || total
-------------------------+-------+-------+-------++-------
Melee: Dagger            |       |    22 |    25 ||    47
       Constrict         |       |     6 |     8 ||    14
       Tentacles         |       |     6 |     7 ||    13
 Cast: Magic Dart        |   103 |   157 |     6 ||   266
       Blink             |       |       |     1 ||     1
Evoke: Wand              |       |     2 |       ||     2
  Use: Potion            |       |     1 |       ||     1
       Scroll            |       |     5 |       ||     5
 Stab: Sleeping          |       |     5 |    10 ||    15
Armor: Skin              |     3 |     2 |     1 ||     6
Dodge: Dodged            |     9 |    10 |    10 ||    29

Vanquished Creatures
  Menkaure (D:5)
  An orc warrior (D:6)
  A centaur (D:5)
  A phantom (D:4)
  A bullfrog (D:6)
  3 scorpions
  A bullfrog skeleton (D:5)
  A jelly (D:5)
  A bullfrog zombie (D:5)
  Jessica (D:3)
  2 iguanas (D:5)
  Natasha (D:2)
  An orc wizard (D:6)
  A hound skeleton (D:4)
  6 adders
  2 shadow imps
  3 worms
  6 dart slugs
  6 orcs
  6 endoplasms
  A giant cockroach (D:4)
  9 goblins
  6 hobgoblins
  4 jackals (D:3)
  13 kobolds
  2 quokkas
  11 ball pythons
  9 bats
  5 frilled lizards
  4 rats
110 creatures vanquished.

Vanquished Creatures (others)
  A plant (D:4)
1 creature vanquished.

Grand Total: 111 creatures vanquished
